Tigers vs Pirates

Created - Friday, January 02, 2015 at 00:03

Goals
1 2 3 T
Tigers 0 1 0 1
Pirates 0 1 1 2
Shots
1 2 3 T
Tigers 3 11 6 20
Pirates 6 17 8 31

1st period

No Goal

Penalties :
Will Weber (BRI) for Interference (Minor) at 19:03

2nd period

1. Pirates , Peter Holland 16 (Eric Tangradi) at 6:50
2. Tigers , Robert Bortuzzo 1 (Harry Zolnierczyk, Bracken Kearns) at 17:03 (PP)

Penalties :
Anthony Peluso (BRI) for Tripping (Minor) at 14:24, Henrik Tommernes (POR) for Slashing (Minor) at 16:48

3rd period

3. Pirates , Eric Tangradi 13 (Peter Holland, Aaron Rome) at 17:49 (PP)

Penalties :
Geoff Walker (BRI) for Interference (Minor) at 8:28, Brandon Bollig (BRI) for Interference (Minor) at 15:56

Goalie Stats

Cam Ward (BRI), 29 saves from 31 shots - (0.935), L, 10-5-1, 59:46 minutes
Christopher Gibson (POR), 19 saves from 20 shots - (0.950), W, 2-0-1, 60:00 minutes

Players Stats for Tigers

Player Name              G  A  P  +/- PIM S  H  SB GA TA FO     MP     PP MP  PK MP  
------------------------------------------------------------------------------------
A.J. Gale                0  0  0  -1  0   1  0  0  1  1  0/0     9:49   0:00   0:00 
Adam Comrie              0  0  0  -1  0   1  1  2  0  0  0/0    24:43   0:15   3:42 
Alexander Khokhlachev    0  0  0   0  0   2  0  0  3  0  7/19   21:01   0:00   6:50 
Anthony Peluso           0  0  0   0  2   0  1  0  0  1  1/3    14:18   0:00   1:19 
Austin Levi              0  0  0   0  0   0  1  0  0  0  0/0    14:20   0:00   0:00 
Bracken Kearns           0  1  1   0  0   1  0  0  1  1  2/10   15:13   0:15   0:09 
Brandon Bollig           0  0  0   0  2   4  0  2  2  2  1/1    18:47   0:00   4:51 
Brandon DeFazio          0  0  0   0  0   1  1  0  1  0  0/0    12:46   0:00   0:00 
Farm Player46            0  0  0   0  0   0  0  0  0  0  0/1    16:05   0:00   1:45 
Geoff Walker             0  0  0  -1  2   0  0  0  0  0  0/0    10:08   0:00   0:00 
Harry Zolnierczyk        0  1  1   0  0   1  2  0  3  0  0/0    15:04   0:15   0:00 
Jed Ortmeyer             0  0  0   0  0   1  0  0  0  1  0/0    14:59   0:00   0:51 
Nolan Yonkman            0  0  0   0  0   0  0  2  1  3  0/0    20:57   0:00   4:08 
Patrick Kennedy          0  0  0  -1  0   2  3  0  1  0  1/4     9:49   0:00   0:00 
Robert Bortuzzo          1  0  1  -1  0   3  2  0  0  3  0/0    24:43   0:15   3:42 
Toby Petersen            0  0  0   0  0   2  0  1  1  1  4/6    13:05   0:00   0:00 
Ty Rattie                0  0  0   0  0   0  1  1  0  0  0/0    16:15   0:15   0:51 
Will Weber               0  0  0   0  2   1  2  0  0  0  0/0    20:04   0:00   3:12 

Players Stats for Pirates

Player Name              G  A  P  +/- PIM S  H  SB GA TA FO     MP     PP MP  PK MP  
------------------------------------------------------------------------------------
Aaron Rome               0  1  1   0  0   3  1  1  4  1  0/0    25:06   2:48   0:00 
Andrew Alberts           0  0  0   0  0   1  2  1  0  2  0/0    21:40   2:48   0:00 
Arron Asham              0  0  0   0  0   0  2  0  0  0  0/0    16:11   0:00   0:00 
Bobby Butler             0  0  0   0  0   1  1  0  1  0  1/3    21:55   4:01   0:15 
Brandon Segal            0  0  0   1  0   0  1  0  0  0  1/1    19:28   3:49   0:00 
Dan Kelly                0  0  0   0  0   0  0  0  0  0  0/0     3:26   0:00   0:00 
David Steckel            0  0  0   0  0   3  5  0  0  0  8/14   21:45   3:27   0:15 
Eric Tangradi            1  1  2   1  0   3  1  0  3  0  0/0    19:04   3:49   0:00 
Greg Rallo               0  0  0   0  0   0  1  1  0  0  0/0     8:01   0:00   0:00 
Hal Gill                 0  0  0   1  0   3  1  2  0  0  0/0    25:43   5:02   0:15 
Henrik Tommernes         0  0  0   1  2   0  3  0  0  0  0/0    26:42   4:22   0:00 
Nick Johnson             0  0  0   0  0   3  0  0  4  0  0/0    16:25   0:11   0:00 
Peter Holland            1  1  2   1  0   3  5  2  2  0  12/14  19:33   3:49   0:00 
Ryan Craig               0  0  0   0  0   0  0  0  1  0  0/0     1:57   0:00   0:00 
Ryan Stoa                0  0  0   0  0   7  2  1  6  0  0/0    18:28   4:01   0:00 
Tobias Rieder            0  0  0   0  0   2  2  2  3  0  6/12   16:58   0:23   0:00 
Tyler Cuma               0  0  0   0  0   0  0  0  0  0  0/0     0:46   0:00   0:00 
Vincent LoVerde          0  0  0   0  0   2  2  2  0  2  0/0    16:36   0:40   0:15 

3 Stars

1 - Peter Holland (POR)
2 - Eric Tangradi (POR)
3 - Christopher Gibson (POR)

Power Play

Tigers - 1 on 1 Attempt(s) - 100.00%
Pirates - 1 on 4 Attempt(s) - 25.00%

Penalty Kill

Tigers - 3 on 4 Attempt(s) - 75.00% - Score 0 goal in Penalty Kill
Pirates - 0 on 1 Attempt(s) - 0.00% - Score 0 goal in Penalty Kill

Team Stat

Tigers - Hits : 14 - Faceoff Wins : 16 - Blocked Shots : 8 - Penalty Minutes : 8
Pirates - Hits : 29 - Faceoff Wins : 28 - Blocked Shots : 12 - Penalty Minutes : 2

Official

Referees : Unknown
Linesman : Unknown

Game Notes

No Game Note

Finance

Level 1 -- Attendance: 1517 (75.85%) -- Ticket Income $53,095
Level 2 -- Attendance: 812 (81.20%) -- Ticket Income $12,180
Total Attendance: 2329 (77.63%)
Total Ticket Income: $65,275
Other Income: $31,985
Total Income: $97,260

Tigers

5 vs 5 Forward 
   Center                   Left Wing                Right Wing               Time % Phy DF OF 
 1 Alexander Khokhlachev    Brandon Bollig           Jed Ortmeyer             35     1   2  2  
 2 Bracken Kearns           Harry Zolnierczyk        Ty Rattie                30     1   2  2  
 3 Toby Petersen            Brandon DeFazio          Anthony Peluso           22     1   2  2  
 4 Patrick Kennedy          A.J. Gale                Geoff Walker             13     1   2  2  

5 vs 5 Defense 
   Defense                  Defense                                           Time % Phy DF OF 
 1 Robert Bortuzzo          Adam Comrie                                       35     1   2  2  
 2 Nolan Yonkman            Will Weber                                        30     1   2  2  
 3 Austin Levi              Farm Player46                                     22     1   2  2  
 4 Robert Bortuzzo          Adam Comrie                                       13     1   2  2  

PowerPlay Forward 
   Center                   Left Wing                Right Wing               Time % Phy DF OF 
 1 Alexander Khokhlachev    Brandon Bollig           Jed Ortmeyer             60     1   2  2  
 2 Bracken Kearns           Harry Zolnierczyk        Ty Rattie                40     1   2  2  

PowerPlay Defense
   Defense                  Defense                                           Time % Phy DF OF 
 1 Robert Bortuzzo          Adam Comrie                                       60     1   2  2  
 2 Nolan Yonkman            Will Weber                                        40     1   2  2  

Penalty Kill 4 Players Forward 
   Center                   Wing                     Time % Phy DF OF 
 1 Alexander Khokhlachev    Brandon Bollig           60     1   2  2  
 2 Jed Ortmeyer             Ty Rattie                40     1   2  2  

Penalty Kill 4 Players Defense
   Defense                  Defense                  Time % Phy DF OF 
 1 Robert Bortuzzo          Adam Comrie              60     1   2  2  
 2 Nolan Yonkman            Will Weber               40     1   2  2  

Penalty Kill - 3 Players Forward 
   Forward                                           Time % Phy DF OF 
 1 Alexander Khokhlachev                             60     1   2  2  
 2 Brandon Bollig                                    40     1   2  2  

Penalty Kill - 3 Players Defense
   Defense                  Defense                  Time % Phy DF OF 
 1 Robert Bortuzzo          Adam Comrie              60     1   2  2  
 2 Nolan Yonkman            Will Weber               40     1   2  2  

4 vs 4 Forward 
   Center                   Wing                     Time % Phy DF OF 
 1 Alexander Khokhlachev    Brandon Bollig           60     1   2  2  
 2 Jed Ortmeyer             Ty Rattie                40     1   2  2  

4 vs 4 Defense
   Defense                  Defense                  Time % Phy DF OF 
 1 Robert Bortuzzo          Adam Comrie              60     1   2  2  
 2 Nolan Yonkman            Will Weber               40     1   2  2  

Last Minutes Offensive
   Center                   Left Wing                Right Wing               Defense                  Defense                  
   Alexander Khokhlachev    Brandon Bollig           Jed Ortmeyer             Robert Bortuzzo          Adam Comrie              

Last Minutes Defensive
   Center                   Left Wing                Right Wing               Defense                  Defense                  
   Alexander Khokhlachev    Brandon Bollig           Jed Ortmeyer             Robert Bortuzzo          Adam Comrie              

Goaltenders
Starting : Cam Ward                 
Backup : Andrew Hammond           

Extra Forwards
Normal : Toby Petersen, Brandon DeFazio, Anthony Peluso - PP : Toby Petersen, Brandon DeFazio - PK : Anthony Peluso
Extra Defensemen
Normal : Austin Levi, Farm Player46, Nolan Yonkman - PP : Austin Levi - PK : Farm Player46, Nolan Yonkman
Penalty Shots
Alexander Khokhlachev, Brandon Bollig, Jed Ortmeyer, Ty Rattie, Bracken Kearns

Pirates

5 vs 5 Forward 
   Center                   Left Wing                Right Wing               Time % Phy DF OF 
 1 David Steckel            Ryan Stoa                Bobby Butler             35     1   2  2  
 2 Peter Holland            Eric Tangradi            Brandon Segal            30     1   2  2  
 3 Tobias Rieder            Nick Johnson             Arron Asham              22     1   2  2  
 4 David Steckel            Bobby Butler             Greg Rallo               13     1   2  2  

5 vs 5 Defense 
   Defense                  Defense                                           Time % Phy DF OF 
 1 Hal Gill                 Henrik Tommernes                                  35     1   2  2  
 2 Aaron Rome               Andrew Alberts                                    30     1   2  2  
 3 Vincent LoVerde          Henrik Tommernes                                  22     1   2  2  
 4 Hal Gill                 Aaron Rome                                        13     1   2  2  

PowerPlay Forward 
   Center                   Left Wing                Right Wing               Time % Phy DF OF 
 1 David Steckel            Ryan Stoa                Bobby Butler             60     1   2  2  
 2 Peter Holland            Eric Tangradi            Brandon Segal            40     1   2  2  

PowerPlay Defense
   Defense                  Defense                                           Time % Phy DF OF 
 1 Hal Gill                 Henrik Tommernes                                  60     1   2  2  
 2 Aaron Rome               Andrew Alberts                                    40     1   2  2  

Penalty Kill 4 Players Forward 
   Center                   Wing                     Time % Phy DF OF 
 1 Bobby Butler             David Steckel            60     1   2  2  
 2 Brandon Segal            Ryan Stoa                40     1   2  2  

Penalty Kill 4 Players Defense
   Defense                  Defense                  Time % Phy DF OF 
 1 Hal Gill                 Vincent LoVerde          60     1   2  2  
 2 Aaron Rome               Andrew Alberts           40     1   2  2  

Penalty Kill - 3 Players Forward 
   Forward                                           Time % Phy DF OF 
 1 Bobby Butler                                      60     1   2  2  
 2 David Steckel                                     40     1   2  2  

Penalty Kill - 3 Players Defense
   Defense                  Defense                  Time % Phy DF OF 
 1 Hal Gill                 Vincent LoVerde          60     1   2  2  
 2 Aaron Rome               Andrew Alberts           40     1   2  2  

4 vs 4 Forward 
   Center                   Wing                     Time % Phy DF OF 
 1 Bobby Butler             David Steckel            60     1   2  2  
 2 Brandon Segal            Ryan Stoa                40     1   2  2  

4 vs 4 Defense
   Defense                  Defense                  Time % Phy DF OF 
 1 Hal Gill                 Henrik Tommernes         60     1   2  2  
 2 Aaron Rome               Andrew Alberts           40     1   2  2  

Last Minutes Offensive
   Center                   Left Wing                Right Wing               Defense                  Defense                  
   David Steckel            Ryan Stoa                Bobby Butler             Hal Gill                 Aaron Rome               

Last Minutes Defensive
   Center                   Left Wing                Right Wing               Defense                  Defense                  
   David Steckel            Ryan Stoa                Bobby Butler             Hal Gill                 Aaron Rome               

Goaltenders
Starting : Christopher Gibson       
Backup : Yann Danis               

Extra Forwards
Normal : Tobias Rieder, Nick Johnson, Arron Asham - PP : Tobias Rieder, Nick Johnson - PK : Arron Asham
Extra Defensemen
Normal : Vincent LoVerde, Henrik Tommernes, Aaron Rome - PP : Vincent LoVerde - PK : Henrik Tommernes, Aaron Rome
Penalty Shots
Bobby Butler, David Steckel, Brandon Segal, Ryan Stoa, Peter Holland

% Time on Ice - Tigers

Lines # - Real PCT - Wanted PCT - Time Play
Normal Forward
1 - 27% - 35% - 13:37
2 - 30% - 30% - 15:09
3 - 25% - 22% - 12:46
4 - 19% - 13% - 9:49
Normal Defense
1 - 33% - 35% - 16:47
2 - 33% - 30% - 16:49
3 - 28% - 22% - 14:20
4 - 7% - 13% - 3:25
PP Forward
1 - 0% - 60% - 0:00
2 - 100% - 40% - 0:15
PP Defense
1 - 100% - 60% - 0:15
2 - 0% - 40% - 0:00
PK Forward
1 - 89% - 60% - 6:59
2 - 11% - 40% - 0:51
PK Defense
1 - 47% - 60% - 3:42
2 - 53% - 40% - 4:08
PK3 Forward
1 - 0% - 60%
2 - 0% - 40%
PK3 Defense
1 - 0% - 60%
2 - 0% - 40%
44 Forward
1 - 0% - 60%
2 - 0% - 40%
44 Defense
1 - 0% - 60%
2 - 0% - 40%
Last Minute Offensive  - 0:34
Last Minute Defensive  - 0:00
Total
Forward - 60:00
Defense - 60:00

% Time on Ice - Pirates

Lines # - Real PCT - Wanted PCT - Time Play
Normal Forward
1 - 27% - 35% - 13:53
2 - 30% - 30% - 15:15
3 - 29% - 22% - 14:59
4 - 14% - 13% - 7:14
Normal Defense
1 - 29% - 35% - 14:50
2 - 31% - 30% - 16:04
3 - 28% - 22% - 14:11
4 - 12% - 13% - 6:16
PP Forward
1 - 51% - 60% - 4:01
2 - 49% - 40% - 3:49
PP Defense
1 - 64% - 60% - 5:02
2 - 36% - 40% - 2:48
PK Forward
1 - 100% - 60% - 0:15
2 - 0% - 40% - 0:00
PK Defense
1 - 100% - 60% - 0:15
2 - 0% - 40% - 0:00
PK3 Forward
1 - 0% - 60%
2 - 0% - 40%
PK3 Defense
1 - 0% - 60%
2 - 0% - 40%
44 Forward
1 - 0% - 60%
2 - 0% - 40%
44 Defense
1 - 0% - 60%
2 - 0% - 40%
Last Minute Offensive  - 0:00
Last Minute Defensive  - 0:34
Total
Forward - 60:00
Defense - 60:00

Play by Play

1st period


0:01 of 1st period - Alexander Khokhlachev wins face-off versus David Steckel in neutral zone.
0:24 of 1st period - Snap shot by Alexander Khokhlachev.
0:24 of 1st period - Stopped by Christopher Gibson without a rebound.
0:25 of 1st period - Peter Holland wins face-off versus Bracken Kearns in Pirates zone.
0:48 of 1st period - Wrist shot by Peter Holland.
0:48 of 1st period - Deflect By Bracken Kearns.
0:48 of 1st period - Shot Misses the Net.
0:48 of 1st period - Puck is out of play.
0:49 of 1st period - Tobias Rieder wins face-off versus Anthony Peluso in Tigers zone.
0:52 of 1st period - Snap shot by Tobias Rieder.
0:52 of 1st period - Shot Misses the Net.
1:45 of 1st period - Slapshot by Aaron Rome.
1:45 of 1st period - Stopped by Cam Ward with a rebound.
1:47 of 1st period - Slapshot by Aaron Rome.
1:47 of 1st period - Shot Misses the Net.
1:49 of 1st period - Wrist shot by Bobby Butler.
1:49 of 1st period - Shot Misses the Net.
1:51 of 1st period - Slapshot by Hal Gill.
1:51 of 1st period - Stopped by Cam Ward with a rebound.
1:53 of 1st period - Slapshot by Aaron Rome.
1:53 of 1st period - Shot Misses the Net.
1:55 of 1st period - Snap shot by Greg Rallo.
1:55 of 1st period - Shot Misses the Net.
1:57 of 1st period - Wrist shot by David Steckel.
1:57 of 1st period - Stopped by Cam Ward without a rebound.
1:58 of 1st period - Brandon Segal wins face-off versus Alexander Khokhlachev in Tigers zone.
2:30 of 1st period - Alexander Khokhlachev is hit by Brandon Segal and loses puck.
3:39 of 1st period - Tobias Rieder is hit by Anthony Peluso and loses puck.
4:16 of 1st period - Andrew Alberts is hit by Patrick Kennedy and loses puck.
5:12 of 1st period - Icing by Nolan Yonkman.
5:13 of 1st period - David Steckel wins face-off versus Alexander Khokhlachev in Tigers zone.
5:53 of 1st period - Nick Johnson is hit by Harry Zolnierczyk.
6:05 of 1st period - Harry Zolnierczyk is hit by Peter Holland.
6:18 of 1st period - Andrew Alberts is hit by Adam Comrie and loses puck.
6:59 of 1st period - Backhand shot by Toby Petersen.
6:59 of 1st period - Stopped by Christopher Gibson with a rebound.
8:35 of 1st period - Robert Bortuzzo is hit by Arron Asham and loses puck.
9:07 of 1st period - Peter Holland is hit by Ty Rattie and loses puck.
9:24 of 1st period - Snap shot by David Steckel.
9:24 of 1st period - Shot Misses the Net.
9:26 of 1st period - Snap shot by Bobby Butler.
9:26 of 1st period - Shot Misses the Net.
9:28 of 1st period - Snap shot by Ryan Stoa.
9:28 of 1st period - Stopped by Cam Ward with a rebound.
9:44 of 1st period - Brandon DeFazio is hit by Arron Asham and loses puck.
10:45 of 1st period - Wrist shot by Tobias Rieder.
10:45 of 1st period - Stopped by Cam Ward with a rebound.
11:11 of 1st period - Brandon Bollig is hit by David Steckel.
12:02 of 1st period - Slapshot by Eric Tangradi.
12:02 of 1st period - Shot Misses the Net.
13:55 of 1st period - A.J. Gale is hit by Peter Holland and loses puck.
14:16 of 1st period - Henrik Tommernes is hit by Will Weber and loses puck.
14:40 of 1st period - Farm Player46 is hit by Greg Rallo and loses puck.
15:37 of 1st period - Peter Holland is hit by Robert Bortuzzo.
15:50 of 1st period - Off-side.
15:51 of 1st period - Toby Petersen wins face-off versus Tobias Rieder in neutral zone.
16:14 of 1st period - Snap shot by Brandon Segal.
16:14 of 1st period - Shot Misses the Net.
16:16 of 1st period - Slapshot by Vincent LoVerde.
16:16 of 1st period - Stopped by Cam Ward with a rebound.
17:10 of 1st period - Snap shot by Peter Holland.
17:10 of 1st period - Shot Misses the Net.
17:26 of 1st period - Andrew Alberts is hit by Patrick Kennedy and loses puck.
17:53 of 1st period - Wrist shot by Alexander Khokhlachev.
17:53 of 1st period - Deflect By Brandon Bollig.
17:53 of 1st period - Stopped by Christopher Gibson without a rebound.
17:54 of 1st period - Tobias Rieder wins face-off versus Alexander Khokhlachev in Pirates zone.
18:29 of 1st period - Brandon Segal is hit by Austin Levi and loses puck.
18:36 of 1st period - Wrist shot by Harry Zolnierczyk.
18:36 of 1st period - Shot Misses the Net.
18:52 of 1st period - A.J. Gale is hit by Eric Tangradi.
19:03 of 1st period - Minor Penalty to Will Weber for Interference.
19:04 of 1st period - Tobias Rieder wins face-off versus Alexander Khokhlachev in Tigers zone.
19:41 of 1st period - Slapshot by Eric Tangradi.
19:41 of 1st period - Deflect By Brandon Segal.
19:41 of 1st period - Shot Blocked by Brandon Bollig.
19:41 of 1st period - Puck is out of play.
19:42 of 1st period - Peter Holland wins face-off versus Alexander Khokhlachev in Tigers zone.
Goals for this period are 0 for Tigers vs 0 for Pirates.
Shots for this period are 3 for Tigers vs 6 for Pirates.

2nd period


0:01 of 2nd period - Alexander Khokhlachev wins face-off versus Bobby Butler in neutral zone.
0:18 of 2nd period - Wrist shot by Ryan Stoa.
0:18 of 2nd period - Stopped by Cam Ward without a rebound.
0:19 of 2nd period - Alexander Khokhlachev wins face-off versus David Steckel in Tigers zone.
0:28 of 2nd period - Snap shot by Brandon Bollig.
0:28 of 2nd period - Shot Misses the Net.
1:03 of 2nd period - Penalty to Will Weber is over, Will Weber is back on ice.
1:20 of 2nd period - Slapshot by Harry Zolnierczyk.
1:20 of 2nd period - Shot Blocked by Hal Gill.
1:42 of 2nd period - Wrist shot by Harry Zolnierczyk.
1:42 of 2nd period - Deflect By Bracken Kearns.
1:42 of 2nd period - Stopped by Christopher Gibson with a rebound.
2:52 of 2nd period - Slapshot by Robert Bortuzzo.
2:52 of 2nd period - Shot Misses the Net.
2:54 of 2nd period - Slapshot by Robert Bortuzzo.
2:54 of 2nd period - Shot Blocked by Tobias Rieder.
2:56 of 2nd period - Snap shot by Patrick Kennedy.
2:56 of 2nd period - Stopped by Christopher Gibson with a rebound.
3:04 of 2nd period - Wrist shot by Patrick Kennedy.
3:04 of 2nd period - Stopped by Christopher Gibson with a rebound.
3:06 of 2nd period - Snap shot by Robert Bortuzzo.
3:06 of 2nd period - Shot Blocked by Tobias Rieder.
3:08 of 2nd period - Slapshot by Adam Comrie.
3:08 of 2nd period - Shot Misses the Net.
3:35 of 2nd period - Will Weber is hit by Vincent LoVerde and loses puck.
3:50 of 2nd period - Ty Rattie is hit by David Steckel and loses puck.
4:11 of 2nd period - Harry Zolnierczyk is hit by Hal Gill and loses puck.
4:20 of 2nd period - Wrist shot by David Steckel.
4:20 of 2nd period - Stopped by Cam Ward with a rebound.
4:22 of 2nd period - Slapshot by Greg Rallo.
4:22 of 2nd period - Shot Misses the Net.
4:24 of 2nd period - Slapshot by Vincent LoVerde.
4:24 of 2nd period - Stopped by Cam Ward with a rebound.
4:42 of 2nd period - Slapshot by Eric Tangradi.
4:42 of 2nd period - Shot Misses the Net.
4:44 of 2nd period - Slapshot by Eric Tangradi.
4:44 of 2nd period - Shot Blocked by Ty Rattie.
5:02 of 2nd period - Slapshot by Robert Bortuzzo.
5:02 of 2nd period - Deflect By Toby Petersen.
5:02 of 2nd period - Shot Misses the Net.
5:02 of 2nd period - Puck is out of play.
5:03 of 2nd period - David Steckel wins face-off versus Toby Petersen in Pirates zone.
5:10 of 2nd period - Slapshot by Robert Bortuzzo.
5:10 of 2nd period - Stopped by Christopher Gibson with a rebound.
5:38 of 2nd period - Snap shot by Toby Petersen.
5:38 of 2nd period - Stopped by Christopher Gibson with a rebound.
5:40 of 2nd period - Wrist shot by Toby Petersen.
5:40 of 2nd period - Shot Blocked by Aaron Rome.
5:56 of 2nd period - Wrist shot by Alexander Khokhlachev.
5:56 of 2nd period - Shot Misses the Net.
5:58 of 2nd period - Wrist shot by Jed Ortmeyer.
5:58 of 2nd period - Deflect By David Steckel.
5:58 of 2nd period - Shot Blocked by Greg Rallo.
5:58 of 2nd period - Puck is out of play.
5:59 of 2nd period - Tobias Rieder wins face-off versus Alexander Khokhlachev in Pirates zone.
6:10 of 2nd period - Snap shot by Alexander Khokhlachev.
6:10 of 2nd period - Shot Misses the Net.
6:36 of 2nd period - Wrist shot by A.J. Gale.
6:36 of 2nd period - Deflect By Patrick Kennedy.
6:36 of 2nd period - Shot Blocked by Peter Holland.
6:36 of 2nd period - Puck is out of play.
6:37 of 2nd period - Peter Holland wins face-off versus Patrick Kennedy in Pirates zone.
6:50 of 2nd period - Snap shot by Peter Holland.
6:50 of 2nd period - Deflect By Robert Bortuzzo.
6:50 of 2nd period - Goal by Peter Holland - Tigers : 0 - Pirates : 1.
6:51 of 2nd period - Peter Holland wins face-off versus Bracken Kearns in neutral zone.
6:54 of 2nd period - Ty Rattie is hit by Henrik Tommernes and loses puck.
7:42 of 2nd period - Off-side.
7:43 of 2nd period - Tobias Rieder wins face-off versus Alexander Khokhlachev in neutral zone.
8:08 of 2nd period - Wrist shot by Jed Ortmeyer.
8:08 of 2nd period - Shot Misses the Net.
8:38 of 2nd period - Wrist shot by Brandon DeFazio.
8:38 of 2nd period - Shot Misses the Net.
9:22 of 2nd period - Robert Bortuzzo is hit by Peter Holland and loses puck.
9:48 of 2nd period - Tobias Rieder is hit by Robert Bortuzzo and loses puck.
10:01 of 2nd period - Slapshot by Nick Johnson.
10:01 of 2nd period - Shot Blocked by Adam Comrie.
10:13 of 2nd period - Snap shot by Ryan Stoa.
10:13 of 2nd period - Deflect By Bobby Butler.
10:13 of 2nd period - Shot Misses the Net.
10:13 of 2nd period - Puck is out of play.
10:14 of 2nd period - Patrick Kennedy wins face-off versus David Steckel in Tigers zone.
10:19 of 2nd period - Snap shot by Ryan Stoa.
10:19 of 2nd period - Stopped by Cam Ward with a rebound.
10:24 of 2nd period - Slapshot by David Steckel.
10:24 of 2nd period - Shot Misses the Net.
10:42 of 2nd period - Off-side.
10:43 of 2nd period - Brandon Bollig wins face-off versus Tobias Rieder in neutral zone.
10:50 of 2nd period - Slapshot by Brandon Bollig.
10:50 of 2nd period - Stopped by Christopher Gibson without a rebound.
10:51 of 2nd period - Peter Holland wins face-off versus Alexander Khokhlachev in Pirates zone.
11:12 of 2nd period - Slapshot by Alexander Khokhlachev.
11:12 of 2nd period - Stopped by Christopher Gibson without a rebound.
11:13 of 2nd period - David Steckel wins face-off versus Toby Petersen in Pirates zone.
11:25 of 2nd period - Snap shot by Ryan Stoa.
11:25 of 2nd period - Stopped by Cam Ward with a rebound.
11:35 of 2nd period - Snap shot by Ryan Stoa.
11:35 of 2nd period - Stopped by Cam Ward without a rebound.
11:36 of 2nd period - Alexander Khokhlachev wins face-off versus Tobias Rieder in Tigers zone.
11:45 of 2nd period - Slapshot by Jed Ortmeyer.
11:45 of 2nd period - Shot Misses the Net.
12:12 of 2nd period - Off-side.
12:13 of 2nd period - Peter Holland wins face-off versus Bracken Kearns in neutral zone.
12:22 of 2nd period - Wrist shot by Peter Holland.
12:22 of 2nd period - Stopped by Cam Ward without a rebound.
12:23 of 2nd period - Peter Holland wins face-off versus Bracken Kearns in Tigers zone.
12:50 of 2nd period - Snap shot by Eric Tangradi.
12:50 of 2nd period - Stopped by Cam Ward with a rebound.
12:54 of 2nd period - Slapshot by Brandon Segal.
12:54 of 2nd period - Shot Misses the Net.
12:56 of 2nd period - Slapshot by Hal Gill.
12:56 of 2nd period - Stopped by Cam Ward with a rebound.
13:32 of 2nd period - Snap shot by Ryan Stoa.
13:32 of 2nd period - Shot Blocked by Nolan Yonkman.
14:08 of 2nd period - Nolan Yonkman is hit by Aaron Rome and loses puck.
14:15 of 2nd period - Snap shot by Nick Johnson.
14:15 of 2nd period - Stopped by Cam Ward with a rebound.
14:24 of 2nd period - Minor Penalty to Anthony Peluso for Tripping.
14:25 of 2nd period - Peter Holland wins face-off versus Alexander Khokhlachev in Tigers zone.
14:41 of 2nd period - Snap shot by Peter Holland.
14:41 of 2nd period - Shot Blocked by Brandon Bollig.
14:43 of 2nd period - Wrist shot by Hal Gill.
14:43 of 2nd period - Shot Misses the Net.
14:45 of 2nd period - Slapshot by Henrik Tommernes.
14:45 of 2nd period - Shot Blocked by Adam Comrie.
14:55 of 2nd period - Snap shot by Peter Holland.
14:55 of 2nd period - Shot Misses the Net.
14:57 of 2nd period - Slapshot by Andrew Alberts.
14:57 of 2nd period - Deflect By Alexander Khokhlachev.
14:57 of 2nd period - Stopped by Cam Ward with a rebound.
14:59 of 2nd period - Slapshot by Aaron Rome.
14:59 of 2nd period - Deflect By Robert Bortuzzo.
14:59 of 2nd period - Stopped by Cam Ward with a rebound.
15:01 of 2nd period - Snap shot by Eric Tangradi.
15:01 of 2nd period - Stopped by Cam Ward without a rebound.
15:02 of 2nd period - Alexander Khokhlachev wins face-off versus Bobby Butler in Tigers zone.
15:40 of 2nd period - Alexander Khokhlachev is hit by Ryan Stoa and loses puck.
16:24 of 2nd period - Penalty to Anthony Peluso is over, Anthony Peluso is back on ice.
16:31 of 2nd period - Toby Petersen is hit by Henrik Tommernes and loses puck.
16:48 of 2nd period - Minor Penalty to Henrik Tommernes for Slashing.
16:49 of 2nd period - Bobby Butler wins face-off versus Bracken Kearns in Pirates zone.
17:01 of 2nd period - Wrist shot by Harry Zolnierczyk.
17:01 of 2nd period - Shot Misses the Net.
17:03 of 2nd period - Slapshot by Robert Bortuzzo.
17:03 of 2nd period - Deflect By Bobby Butler.
17:03 of 2nd period - Goal by Robert Bortuzzo - Tigers : 1 - Pirates : 1.
17:04 of 2nd period - Peter Holland wins face-off versus Bracken Kearns in neutral zone.
17:21 of 2nd period - Slapshot by Robert Bortuzzo.
17:21 of 2nd period - Deflect By Harry Zolnierczyk.
17:21 of 2nd period - Stopped by Christopher Gibson with a rebound.
17:23 of 2nd period - Snap shot by Bracken Kearns.
17:23 of 2nd period - Shot Blocked by Andrew Alberts.
17:25 of 2nd period - Snap shot by Robert Bortuzzo.
17:25 of 2nd period - Deflect By Bracken Kearns.
17:25 of 2nd period - Deflect By Aaron Rome.
17:25 of 2nd period - Shot Blocked by Peter Holland.
17:25 of 2nd period - Puck is out of play.
17:26 of 2nd period - Toby Petersen wins face-off versus Tobias Rieder in Pirates zone.
17:49 of 2nd period - Snap shot by Tobias Rieder.
17:49 of 2nd period - Deflect By Nick Johnson.
17:49 of 2nd period - Stopped by Cam Ward with a rebound.
17:51 of 2nd period - Slapshot by Hal Gill.
17:51 of 2nd period - Stopped by Cam Ward without a rebound.
17:52 of 2nd period - David Steckel wins face-off versus Bracken Kearns in Tigers zone.
17:53 of 2nd period - Snap shot by Ryan Stoa.
17:53 of 2nd period - Shot Misses the Net.
17:55 of 2nd period - Wrist shot by David Steckel.
17:55 of 2nd period - Stopped by Cam Ward without a rebound.
17:56 of 2nd period - Bracken Kearns wins face-off versus David Steckel in Tigers zone.
18:22 of 2nd period - Icing by Andrew Alberts.
18:23 of 2nd period - David Steckel wins face-off versus Alexander Khokhlachev in Pirates zone.
18:45 of 2nd period - Wrist shot by Alexander Khokhlachev.
18:45 of 2nd period - Shot Misses the Net.
18:47 of 2nd period - Wrist shot by Will Weber.
18:47 of 2nd period - Stopped by Christopher Gibson with a rebound.
18:49 of 2nd period - Snap shot by Jed Ortmeyer.
18:49 of 2nd period - Shot Misses the Net.
18:51 of 2nd period - Wrist shot by Alexander Khokhlachev.
18:51 of 2nd period - Shot Misses the Net.
18:53 of 2nd period - Wrist shot by Jed Ortmeyer.
18:53 of 2nd period - Stopped by Christopher Gibson with a rebound.
19:18 of 2nd period - Brandon Segal is hit by Will Weber and loses puck.
19:41 of 2nd period - Robert Bortuzzo is hit by Peter Holland and loses puck.
Goals for this period are 1 for Tigers vs 1 for Pirates.
Shots for this period are 11 for Tigers vs 17 for Pirates.

3rd period


0:01 of 3rd period - David Steckel wins face-off versus Alexander Khokhlachev in neutral zone.
0:30 of 3rd period - Backhand shot by Ryan Stoa.
0:30 of 3rd period - Stopped by Cam Ward with a rebound.
1:02 of 3rd period - Harry Zolnierczyk is hit by Henrik Tommernes and loses puck.
1:25 of 3rd period - Andrew Alberts is hit by Harry Zolnierczyk and loses puck.
2:02 of 3rd period - Snap shot by Tobias Rieder.
2:02 of 3rd period - Shot Blocked by Nolan Yonkman.
2:04 of 3rd period - Slapshot by Arron Asham.
2:04 of 3rd period - Shot Misses the Net.
2:28 of 3rd period - Slapshot by Aaron Rome.
2:28 of 3rd period - Stopped by Cam Ward without a rebound.
2:29 of 3rd period - David Steckel wins face-off versus Patrick Kennedy in Tigers zone.
2:46 of 3rd period - Snap shot by A.J. Gale.
2:46 of 3rd period - Stopped by Christopher Gibson without a rebound.
2:47 of 3rd period - David Steckel wins face-off versus Patrick Kennedy in Pirates zone.
3:33 of 3rd period - Slapshot by Alexander Khokhlachev.
3:33 of 3rd period - Shot Misses the Net.
3:35 of 3rd period - Backhand shot by Robert Bortuzzo.
3:35 of 3rd period - Stopped by Christopher Gibson with a rebound.
3:45 of 3rd period - Wrist shot by Brandon Bollig.
3:45 of 3rd period - Stopped by Christopher Gibson with a rebound.
3:47 of 3rd period - Slapshot by Robert Bortuzzo.
3:47 of 3rd period - Deflect By Brandon Bollig.
3:47 of 3rd period - Stopped by Christopher Gibson with a rebound.
3:49 of 3rd period - Slapshot by Robert Bortuzzo.
3:49 of 3rd period - Shot Blocked by Vincent LoVerde.
4:21 of 3rd period - Snap shot by Bracken Kearns.
4:21 of 3rd period - Shot Blocked by Vincent LoVerde.
4:45 of 3rd period - Icing by Aaron Rome.
4:46 of 3rd period - Toby Petersen wins face-off versus Tobias Rieder in Pirates zone.
4:51 of 3rd period - Snap shot by Toby Petersen.
4:51 of 3rd period - Shot Misses the Net.
5:10 of 3rd period - Snap shot by Nick Johnson.
5:10 of 3rd period - Stopped by Cam Ward with a rebound.
5:45 of 3rd period - Robert Bortuzzo is hit by Bobby Butler and loses puck.
5:52 of 3rd period - Wrist shot by Bobby Butler.
5:52 of 3rd period - Stopped by Cam Ward with a rebound.
5:54 of 3rd period - Snap shot by Ryan Stoa.
5:54 of 3rd period - Stopped by Cam Ward without a rebound.
5:55 of 3rd period - Alexander Khokhlachev wins face-off versus David Steckel in Tigers zone.
6:40 of 3rd period - Snap shot by Nick Johnson.
6:40 of 3rd period - Shot Misses the Net.
6:57 of 3rd period - Ty Rattie is hit by Tobias Rieder and loses puck.
7:04 of 3rd period - Austin Levi is hit by Tobias Rieder and loses puck.
7:08 of 3rd period - Icing by Austin Levi.
7:09 of 3rd period - Bracken Kearns wins face-off versus Peter Holland in Tigers zone.
7:46 of 3rd period - Brandon DeFazio is hit by David Steckel and loses puck.
7:55 of 3rd period - Henrik Tommernes is hit by Brandon DeFazio and loses puck.
8:28 of 3rd period - Minor Penalty to Geoff Walker for Interference.
8:29 of 3rd period - Peter Holland wins face-off versus Alexander Khokhlachev in Tigers zone.
9:21 of 3rd period - Alexander Khokhlachev is hit by David Steckel and loses puck.
9:46 of 3rd period - Brandon Bollig is hit by Andrew Alberts and loses puck.
10:25 of 3rd period - Wrist shot by Jed Ortmeyer.
10:25 of 3rd period - Shot Misses the Net.
10:28 of 3rd period - Penalty to Geoff Walker is over, Geoff Walker is back on ice.
11:00 of 3rd period - Wrist shot by Brandon DeFazio.
11:00 of 3rd period - Stopped by Christopher Gibson with a rebound.
11:10 of 3rd period - Snap shot by Tobias Rieder.
11:10 of 3rd period - Shot Blocked by Toby Petersen.
11:58 of 3rd period - Greg Rallo is hit by Patrick Kennedy and loses puck.
12:50 of 3rd period - Wrist shot by Harry Zolnierczyk.
12:50 of 3rd period - Shot Blocked by Ryan Stoa.
12:56 of 3rd period - Nolan Yonkman is hit by Ryan Stoa and loses puck.
13:11 of 3rd period - Snap shot by Nick Johnson.
13:11 of 3rd period - Shot Misses the Net.
13:41 of 3rd period - Snap shot by Peter Holland.
13:41 of 3rd period - Stopped by Cam Ward with a rebound.
14:33 of 3rd period - Backhand shot by Tobias Rieder.
14:33 of 3rd period - Stopped by Cam Ward without a rebound.
14:34 of 3rd period - Toby Petersen wins face-off versus Tobias Rieder in Tigers zone.
14:34 of 3rd period - Toby Petersen is hit by Vincent LoVerde.
15:56 of 3rd period - Minor Penalty to Brandon Bollig for Interference.
15:57 of 3rd period - Alexander Khokhlachev wins face-off versus Peter Holland in Tigers zone.
16:09 of 3rd period - Snap shot by Alexander Khokhlachev.
16:09 of 3rd period - Deflect By Brandon Segal.
16:09 of 3rd period - Shot Misses the Net.
16:09 of 3rd period - Puck is out of play.
16:10 of 3rd period - Peter Holland wins face-off versus Anthony Peluso in Pirates zone.
16:31 of 3rd period - Slapshot by Ryan Stoa.
16:31 of 3rd period - Shot Misses the Net.
16:33 of 3rd period - Wrist shot by Ryan Stoa.
16:33 of 3rd period - Deflect By Bobby Butler.
16:33 of 3rd period - Shot Misses the Net.
16:33 of 3rd period - Puck is out of play.
16:34 of 3rd period - Anthony Peluso wins face-off versus David Steckel in Tigers zone.
16:53 of 3rd period - Snap shot by Alexander Khokhlachev.
16:53 of 3rd period - Shot Blocked by Hal Gill.
16:55 of 3rd period - Slapshot by Adam Comrie.
16:55 of 3rd period - Stopped by Christopher Gibson without a rebound.
16:56 of 3rd period - Peter Holland wins face-off versus Farm Player46 in Pirates zone.
17:03 of 3rd period - Backhand shot by Eric Tangradi.
17:03 of 3rd period - Shot Misses the Net.
17:17 of 3rd period - Will Weber is hit by David Steckel and loses puck.
17:24 of 3rd period - Snap shot by Ryan Stoa.
17:24 of 3rd period - Shot Misses the Net.
17:42 of 3rd period - Will Weber is hit by Andrew Alberts and loses puck.
17:49 of 3rd period - Slapshot by Eric Tangradi.
17:49 of 3rd period - Goal by Eric Tangradi - Tigers : 1 - Pirates : 2.
17:50 of 3rd period - Tobias Rieder wins face-off versus Bracken Kearns in neutral zone.
19:13 of 3rd period - Robert Bortuzzo is hit by Peter Holland and loses puck.
19:46 of 3rd period - Tigers, Cam Ward is pulled from the net.
19:46 of 3rd period - Wrist shot by Jed Ortmeyer.
19:46 of 3rd period - Shot Misses the Net.
Goals for this period are 0 for Tigers vs 1 for Pirates.
Shots for this period are 6 for Tigers vs 8 for Pirates.


Output by the SimonT Hockey Simulator (STHS) for Eric Dolegowski -- Original Page W3C XHTML 1.0 Valid
Hockey Simulator - Hockey Simulation - Hockey Manager